 Dungeon Crawl Stone Soup version 0.29-a0-275-g389c0b56f3 (webtiles) character file.

Game seed: 11388860995965404348

5039 bjtr the Arsonist (level 10, -10/81 HPs)
             Began as an Ogre Fire Elementalist on Feb 2, 2022.
             Mangled by Harold
             ... wielding a +0 long sword of flaming
              (20 damage)
             ... on level 9 of the Dungeon on Mar 12, 2022.
             The game lasted 00:50:12 (14671 turns).

bjtr the Arsonist (Ogre Fire Elementalist)         Turns: 14671, Time: 00:50:13

Health: -10/81     AC:  5    Str: 26    XL:     10   Next: 55%
Magic:  18/23      EV:  9    Int: 20    God:
Gold:   417        SH:  0    Dex:  9    Spells: 15/28 levels left

rFire   . . .      SeeInvis .   a - +3 halberd (freeze)
rCold   . . .      Faith    .   (shield currently unavailable)
rNeg    + . .      Spirit   .   r - +2 robe {rN+}
rPois   .          Reflect  .   (helmet restricted)
rElec   .          Harm     .   (no cloak)
rCorr   .          Rampage  .   (gloves unavailable)
Will    +....                   (boots unavailable)
Stlth   +.........              (no amulet)
HPRegen 0.23/turn               O - +6 ring of strength
MPRegen 0.18/turn               o - +6 ring of strength

@: no status effects
A: large, unfitting armour, tough skin 1
a: no special abilities


You were on level 9 of the Dungeon.
You visited 2 branches of the dungeon, and saw 10 of its levels.

You collected 417 gold pieces.

Inventory:

Hand Weapons
 a - a +3 halberd of freezing (weapon)
 b - a +1 scimitar of flaming
 j - a +0 hunting sling
 m - a +3 morningstar
 p - a +2 dire flail of freezing
 z - a +0 war axe
 D - a +0 eveningstar
 I - a +0 flail of protection
 K - a +2 whip of freezing
 R - a +0 bardiche
 U - a +0 giant spiked club
Missiles
 c - 181 stones
 q - 19 bolts
 v - 5 boomerangs
 A - 23 poisoned darts
 F - 14 sling bullets
 H - a throwing net (quivered)
 T - 5 curare-tipped darts
Armour
 r - a +2 robe of positive energy (worn)
 y - +0 steam dragon scales
Jewellery
 g - a +6 ring of dexterity
 o - a +6 ring of strength (right hand)
 O - a +6 ring of strength (left hand)
Wands
 l - a wand of paralysis (8)
Scrolls
 f - 3 scrolls of teleportation
 x - 2 scrolls of immolation
 E - a scroll of enchant armour
 V - 2 scrolls of holy word {unknown}
Potions
 d - a potion of attraction
 i - 2 potions of might
 n - 2 potions of curing
 s - 2 potions of mutation
 w - a potion of invisibility
 C - a potion of haste {unknown}
 G - 2 potions of brilliance
 L - a potion of magic
 M - 3 potions of flight
 N - a potion of cancellation
 Q - a potion of ambrosia
Miscellaneous
 W - a phantom mirror


   Skills:
 + Level 3.6 Maces & Flails
 - Level 1.7 Dodging
 - Level 1.4 Stealth
 - Level 9.6 Spellcasting
 - Level 3.1 Conjurations
 - Level 10.9 Fire Magic


You had 15 spell levels left.
You knew the following spells:

 Your Spells              Type           Power      Damage    Failure   Level
a - Foxfire               Conj/Fire      100%       2x1d9     1%          1
b - Scorch                Fire           100%       2d10      1%          2
c - Conjure Flame         Conj/Fire      37%        6-21      1%          3
d - Inner Flame           Hex/Fire       31%        N/A       2%          3
e - Flame Wave            Conj/Fire      37%        2d9       4%          4

Your spell library contained the following spells:

 Spells                   Type           Power      Damage    Failure   Level
 Apportation              Tloc           18%        N/A       8%          1
 Summon Small Mammal      Summ           36%        N/A       8%          1
 Stone Arrow              Conj/Erth      32%        3d9       11%         3
 Call Canine Familiar     Summ           9%         N/A       22%         3
 Summon Guardian Golem    Hex/Summ       9%         N/A       22%         3
 Petrify                  Tmut/Erth      9%         N/A       58%         4
 Alistair's Intoxication  Tmut/Pois      6%         N/A       90%         5


Dungeon Overview and Level Annotations

Branches:
Dungeon (9/15)             Temple (1/1) D:7
   Lair: D:8-11         Orc: D:9-12

Altars:
Ashenzari
Cheibriados
Dithmenos
Elyvilon
Fedhas
Gozag
Hepliaklqana
Kikubaaqudgha
Makhleb
Nemelex Xobeh
Okawaru
Qazlal
Ru
Sif Muna
Trog
Uskayaw
Xom
Yredelemnul
Zin
The Shining One

Shops:
D:8 (

Annotations:
D:5 2 transporters
D:9 Harold


Innate Abilities, Weirdness & Mutations

You are too large for most types of armour.
You have tough skin. (AC +1)


Message History

Unknown command.
You barely miss Harold.
Harold is heavily wounded.
Something hits you but does no damage.
Harold hits you with a +0 long sword of flaming!!
Harold burns you!
Unknown command.
You hit Harold. You freeze Harold.
Harold is heavily wounded.
Something hits you.
Harold hits you with a +0 long sword of flaming!
Harold burns you.
Harold hits you with a +0 long sword of flaming!
* * * LOW HITPOINT WARNING * * *
Harold burns you.
* * * LOW HITPOINT WARNING * * *
The orc hits you but does no damage.
You hear some strange, mumbled words.
A magic dart appears from out of thin air!
The magic dart hits you.
* * * LOW HITPOINT WARNING * * *
Okay, then.
Okay, then.
You feel much better. The orc hits you but does no damage.
Something hits you but does no damage.
Harold hits you with a +0 long sword of flaming!
* * * LOW HITPOINT WARNING * * *
Harold burns you.
* * * LOW HITPOINT WARNING * * *
Casting: Scorch (safe; 1% risk of failure)
Confirm with . or Enter, or press ? or * to list all spells.
Okay, then.
As you read the scroll labelled IPEAR BAPTAE, it crumbles to dust.
It is a scroll of amnesia.
Really abort (and waste the scroll)?
Okay, then.
The orc hits you but does no damage. Something hits you.
* * * LOW HITPOINT WARNING * * *
Harold hits you with a +0 long sword of flaming!!
You die...

...................)......{......
...##.....###############..T..###
.######...########### #....@#
#.#..#.#..##........#####.....###
##.##.##..............)@.........
#.#..#.##..#........###o.........
#.#..#.##...........# #..........
##.##.##..##....{@..# #..........
#.# #.#..##....@o..# #..........
.# #...##........# #.......... .
....##........# #..........
.....##........# ###########
#...........# ####........#
#........# #........# ...
########## ...


You could see Harold (combustible) and an orc.

Vanquished Creatures
  A two-headed ogre (D:9)
  A troll (D:9)
  Prince Ribbit (D:7)
  A wyvern (D:8)
  2 yaks
  2 steam dragons (D:8)
  A water moccasin (D:7)
  2 orc warriors
  2 ice beasts (D:6)
  2 sky beasts
  An ogre (D:5)
  2 centaurs
  3 phantoms
  A kobold brigand (D:9)
  A bullfrog (D:7)
  A necrophage (D:6)
  2 scorpions
  16 wights
  5 killer bees (D:8)
  2 howler monkeys (D:8)
  A centaur zombie (D:4)
  A hound (D:3)
  A bullfrog zombie (D:5)
  A centaur skeleton (D:5)
  6 orc priests
  Jessica (D:2)
  An iguana (D:4)
  6 orc wizards
  A hound skeleton (D:4)
  6 adders
  6 gnolls (D:5)
  2 shadow imps
  A white imp (D:8)
  An ufetubus (D:5)
  An adder skeleton (D:4)
  4 worms
  A dart slug (D:3)
  42 orcs
  6 endoplasms
  3 giant cockroaches (D:1)
  8 hobgoblins
  5 jackals
  12 kobolds
  6 quokkas
  7 ball pythons
  2 bats
  4 frilled lizards
  6 goblins
  5 rats
196 creatures vanquished.

Vanquished Creatures (others)
  338 foxfires
  A fungus (D:7)
  25 plants
364 creatures vanquished.

Grand Total: 560 creatures vanquished

Notes
Turn   | Place    | Note
-------+----------+-------------------------------------------
     0 | D:1      | bjtr the Ogre Fire Elementalist began the quest for the
                  | Orb.
     0 | D:1      | Reached XP level 1. HP: 16/16 MP: 3/3
   261 | D:1      | Reached skill level 3 in Fire Magic
   369 | D:1      | Reached XP level 2. HP: 21/24 MP: 0/5
   372 | D:1      | Learned a level 2 spell: Scorch
   809 | D:1      | Reached skill level 1 in Conjurations
  1007 | D:1      | Reached XP level 3. HP: 30/31 MP: 3/6
  2424 | D:2      | Found a faded altar of an unknown god.
  2441 | D:2      | Found a glowing silver altar of Zin.
  2713 | D:2      | Noticed Jessica
  2749 | D:2      | Killed Jessica
  2750 | D:2      | Reached skill level 4 in Fire Magic
  2750 | D:2      | Reached XP level 4. HP: 39/39 MP: 4/8
  3714 | D:3      | Reached XP level 5. HP: 45/45 MP: 4/10
  4194 | D:3      | Found a basalt altar of Yredelemnul.
  4600 | D:4      | Noticed a phantom
  4971 | D:4      | Noticed an orc warrior
  4977 | D:4      | Killed an orc warrior
  4978 | D:4      | Reached skill level 5 in Fire Magic
  4978 | D:4      | Reached XP level 6. HP: 53/53 MP: 2/12
  6225 | D:5      | Entered Level 5 of the Dungeon
  6225 | D:5      | Found a white marble altar of Elyvilon.
  6230 | D:5      | Reached skill level 6 in Fire Magic
  6230 | D:5      | Reached XP level 7. HP: 51/59 MP: 4/14
  6242 | D:5      | Reached skill level 5 in Spellcasting
  6429 | D:5      | Learned a level 3 spell: Conjure Flame
  6433 | D:5      | Learned a level 3 spell: Inner Flame
  6438 | D:5      | Learned a level 4 spell: Flame Wave
  7360 | D:5      | Found a transporter.
  7366 | D:5      | Found a transporter.
  7453 | D:5      | Found a glowing golden altar of the Shining One.
  7646 | D:5      | Got Liniucim's Grimoire of the Mountains
  7733 | D:5      | Upgraded the game from 0.29-a0-40-g8eb35efe60 to
                  | 0.29-a0-275-g389c0b56f3
  7779 | D:6      | Reached skill level 7 in Fire Magic
  7779 | D:6      | Reached XP level 8. HP: 46/67 MP: 9/16
  8275 | D:6      | Found a sparkling altar of Nemelex Xobeh.
  8302 | D:6      | Found a hide-covered altar of Uskayaw.
  8306 | D:6      | Found a bloodstained altar of Trog.
  9013 | D:6      | Reached skill level 8 in Fire Magic
  9599 | D:7      | Noticed Prince Ribbit
  9710 | D:7      | Reached XP level 9. HP: 37/74 MP: 5/20
  9722 | D:7      | Killed Prince Ribbit
 10034 | D:6      | Reached skill level 9 in Fire Magic
 10740 | D:7      | Found a staircase to the Ecumenical Temple.
 10747 | Temple   | Entered the Ecumenical Temple
 11129 | D:7      | Found a broken altar of Ashenzari.
 11133 | D:7      | Saw a vision of the Swamp and the Spider Nest.
 11133 | D:7      | Noticed a wolf spider
 11133 | D:7      | Noticed a hornet
 11133 | D:7      | Noticed a wolf spider
 11133 | D:7      | Noticed a wolf spider
 11135 | D:7      | Noticed a goliath frog
 11136 | D:7      | Noticed a goliath frog
 11971 | D:8      | Reached skill level 10 in Fire Magic
 12275 | D:8      | Reached XP level 10. HP: 81/81 MP: 9/23
 12426 | D:8      | Found Ratumenk's Weapon Boutique.
 12772 | D:8      | Found a hazy altar of Hepliaklqana.
 13065 | D:9      | Noticed a two-headed ogre
 13425 | D:9      | Killed a two-headed ogre
 13725 | D:9      | Noticed Harold
 13998 | D:9      | Noticed a kobold demonologist
 14000 | D:9      | Noticed a kobold demonologist
 14000 | D:9      | Noticed a kobold demonologist
 14001 | D:9      | Reached skill level 1 in Maces & Flails
 14671 | D:9      | Mangled by Harold

Illustrated notes

Levels and vault maps discovered:
D:1:      eino_arrival_cavern_b, layout_loops_ring,
          amcnicky_mini_rare_corridor_liquid
D:2:      layout_loops_corners, basic_altar,
          shapermc_ecumenical_altar_acropolis, minmay_crystal_room,
          minmay_misc_feat_five, st_stairs_2, minivault_24,
          chequers_decorated_corner, kennysheep_jessica_study
D:3:      layout_basic, general_overflow_altar, uniq_jessica
D:4:      layout_loops_ring, minmay_hedge_maze
D:5:      layout_cave_pools, tso_metal_star, overflow_temple_1_default,
          gammafunk_ghost_gnarly_gnolls
D:6:      nicolae_BIG_FREAKIN_CUBE, layout_basic,
          minmay_overflow_temple_star_quad
D:7:      layout_cave_pools, grunt_ashenzari_visionary
          [grunt_ashenzari_visionary_swamp, grunt_ashenzari_visionary_spider],
          minmay_temple_entry_arrows, serial_column_ruins, column_ruins_hut,
          column_ruins_open_tiny, column_ruins_open_tiny, column_ruins_grid_1,
          column_ruins_grid_4, column_ruins_grid_1, minmay_misc_feat_room,
          uniq_prince_ribbit1
D:8:      layout_basic, nicolae_hepliaklqana_hazy_memory, serial_shops,
          nicolae_shop_hallway_plus, lemuel_old_faithful
D:9:      layout_basic, minivault_22, hangedman_decor_opposing, uniq_harold
Temple:   nicolae_temple_x_marks_the_god

Skill      XL: |  1  2  3  4  5  6  7  8  9 10 |
---------------+-------------------------------+-----
Fire Magic     | 3 4 5 6 7 8 10 | 10.9
Conjurations   | 1 2 3 |  3.1
Spellcasting   | 3 4 5 7 9 |  9.6
Maces & Flails | 3 |  3.6
Dodging        | |  1.7
Stealth        | |  1.4

Action                   |  1- 3 |  4- 6 |  7- 9 | 10-12 || total
-------------------------+-------+-------+-------+-------++-------
Melee: Whip              |    16 |       |       |       ||    16
       Quarterstaff      |       |    53 |       |       ||    53
       Scimitar          |       |       |    17 |       ||    17
       Halberd           |       |       |     2 |    15 ||    17
Throw: Throwing net      |       |       |       |     1 ||     1
 Cast: Foxfire           |    55 |    37 |    77 |    25 ||   194
       Scorch            |     8 |    60 |    94 |    35 ||   197
       Flame Wave        |       |       |     5 |     1 ||     6
       Conjure Flame     |       |       |       |     5 ||     5
  Use: Scroll            |       |     6 |    11 |     5 ||    22
       Potion            |       |     2 |     3 |     1 ||     6
Armor: Robe              |     8 |    20 |    28 |    14 ||    70
Dodge: Dodged            |    18 |    33 |    60 |    18 ||   129

Table legend: (Time is in decaauts)
 A = Elapsed time spent in this place.
 B = Non-inter-level travel time spent in this place.
 C = Inter-level travel time spent in this place.
 D = Time resting spent in this place.
 E = Time spent auto-exploring this place.
 F = Levels seen in this place.
 G = Mean time per level.
                   A        B        C        D        E       F      G
               +--------+--------+--------+--------+--------+-----+--------+
         Total |  14714 |  14294 |    420 |   6614 |   5851 |  10 | 1471.4 |
       Dungeon |  14653 |  14233 |    420 |   6614 |   5807 |   9 | 1628.1 |
        Temple |     60 |     60 |      0 |      0 |     44 |   1 |   60.0 |
               +--------+--------+--------+--------+--------+-----+--------+

Top non-repeatable levels by time:
     D:8: 2728 daAuts
     D:6: 2420 daAuts
     D:4: 1691 daAuts
     D:2: 1613 daAuts
     D:3: 1513 daAuts
     D:5: 1512 daAuts
     D:1: 1426 daAuts
     D:7: 1217 daAuts
     D:9: 530 daAuts
  Temple: 60 daAuts
